 Dungeon Crawl Stone Soup version 0.25-a0-310-g60f0ac2d9a (webtiles) character file.

Game seed: 11572371081218350944, levelgen mode: classic

424 Borgoz the Cudgeler (level 6, -11/58 HPs)
             Began as a Gargoyle Gladiator on Dec 23, 2019.
             Mangled by an ogre
             ... wielding a +0 giant club
              (25 damage)
             ... on level 4 of the Dungeon.
             The game lasted 00:04:27 (3066 turns).

Borgoz the Cudgeler (Gargoyle Gladiator)            Turns: 3066, Time: 00:04:28

Health: -11/58     AC: 11    Str: 22    XL:     6   Next: 96%
Magic:  7/7        EV: 13    Int:  9    God:
Gold:   144        SH:  0    Dex: 13    Spells: 5/5 levels left

rFire    . . .     SeeInvis .   a - +0 flail
rCold    . . .     Gourm    .   (no shield)
rNeg     + . .     Faith    .   b - +0 leather armour
rPois    ∞         Spirit   .   c - +0 helmet
rElec    +         Reflect  .   o - +0 cloak
rCorr    .         Harm     .   g - +0 pair of gloves
MR       .....                  (no boots)
Stlth    ..........             i - amulet of rage
HPRegen  0.19/turn              (no ring)
MPRegen  0.10/turn              (no ring)

@: berserking, very quick
A: negative energy resistance 1, electricity resistance, unbreathing,
petrification resistance, rot immunity, AC +4
a: Evoke Berserk Rage


You were on level 4 of the Dungeon.
You were hungry.

You visited 1 branch of the dungeon, and saw 4 of its levels.

You collected 144 gold pieces.

Inventory:

Hand Weapons
 a - a +0 flail (weapon)
Missiles
 d - 3 throwing nets (quivered)
Armour
 b - a +0 leather armour (worn)
 c - a +0 helmet (worn)
 g - a +0 pair of gloves (worn)
 o - a +0 cloak (worn)
Jewellery
 i - an amulet of rage (around neck)
 l - an uncursed ring of flight
Scrolls
 e - a scroll of remove curse
 h - 2 scrolls of identify {unknown}
Potions
 j - a potion of cancellation {unknown}
 k - a potion of flight {unknown}
 n - a potion of resistance {unknown}
 p - a potion of heal wounds {unknown}
Comestibles
 f - 4 rations
 m - 5 chunks of flesh


   Skills:
 * Level 4.4 Fighting
 * Level 4.5 Maces & Flails
 - Level 1.7 Throwing
 * Level 3.4 Armour
 + Level 3.1 Dodging
 + Level 1.7 Evocations


You had 5 spell levels left.
You didn't know any spells.
Your spell library was empty.

Dungeon Overview and Level Annotations

Branches:
Dungeon (4/15)
 Temple: D:4-7

Altars:
Dithmenos
Yredelemnul


Innate Abilities, Weirdness & Mutations

You are resistant to torment.
Your stone body is resilient. (AC +4)
You are immune to poison.
You resist negative energy. (rN+)
You are resistant to electric shocks. (rElec)
You can survive without breathing.
You are immune to petrification.
You are immune to rotting.


Message History

There is a stone staircase leading up here.
Found a robe.
You see here a robe.
You now have 144 gold pieces (gained 13).
An ogre comes into view. It is wielding a +0 giant club.
The ogre shouts!
The ogre moves out of view.
An ogre comes into view. It is wielding a +0 giant club.
There are monsters nearby!
There are monsters nearby!
The ogre hits you with a +0 giant club!
A red film seems to cover your vision as you go berserk!
You feel yourself moving faster!
You feel mighty!
You are feeling hungry.
The ogre hits you with a +0 giant club!!
* * * LOW HITPOINT WARNING * * *
You sock the ogre!
The ogre is heavily wounded.
The ogre hits you with a +0 giant club!!
You die...

### ##...
####....
##.##....
######.#......
#.....###.....
####
#.####[#<÷....
######..#######.#
##.#÷...#
..%......OO@....#
#.#.....
######..#########
#.##..## #.....
#.##..# #.#..##
#.##..# #.#..#
#.##..# . #..#
#.##).# # #..#
#.##..# #..# #..#
#...


You could see 2 ogres.

Vanquished Creatures
  An ogre (D:3)
  A centaur zombie (D:4)
  Crazy Yiuf (D:3)
  Natasha (thrice) (D:2)
  A hound zombie (D:4)
  4 gnolls (D:3)
  5 adders
  An adder zombie (D:4)
  2 worms (D:2)
  A dart slug (D:1)
  2 leopard geckos (D:2)
  6 orcs (D:3)
  6 giant cockroaches
  10 goblins
  4 hobgoblins
  7 jackals
  2 quokkas (D:3)
  10 bats
  5 frilled lizards
  9 kobolds
  12 rats
93 creatures vanquished.

Notes
Turn   | Place    | Note
-------+----------+-------------------------------------------
     0 | D:1      | Borgoz the Gargoyle Gladiator began the quest for the Orb.
     0 | D:1      | Reached XP level 1. HP: 12/12 MP: 1/1
    67 | D:1      | Reached XP level 2. HP: 14/18 MP: 2/2
   177 | D:1      | Reached skill level 1 in Armour
   320 | D:1      | Reached XP level 3. HP: 22/22 MP: 3/3
   822 | D:2      | Found a faded altar of an unknown god.
   874 | D:2      | Found a shadowy altar of Dithmenos.
   885 | D:2      | Noticed Natasha
   896 | D:2      | HP: 1/33 [shadow imp[Natasha] (3)]
   899 | D:2      | Killed Natasha
   899 | D:2      | Reached XP level 4. HP: 2/28 MP: 4/4
  1329 | D:2      | Noticed Natasha
  1338 | D:2      | Killed Natasha
  1370 | D:2      | Noticed Natasha
  1381 | D:2      | HP: 1/42 [white imp[Natasha] (3)]
  1382 | D:2      | Killed Natasha
  1382 | D:2      | Reached skill level 1 in Evocations
  1382 | D:2      | Reached XP level 5. HP: 2/32 MP: 5/5
  2021 | D:3      | Found a runed translucent door.
  2022 | D:3      | Noticed Crazy Yiuf
  2204 | D:3      | Noticed an ogre
  2211 | D:3      | Killed an ogre
  2211 | D:3      | Reached XP level 6. HP: 38/38 MP: 5/7
  2470 | D:3      | Found a basalt altar of Yredelemnul.
  2865 | D:3      | Paralysed by Crazy Yiuf for 4 turns
  2870 | D:3      | Killed Crazy Yiuf
  3066 | D:4      | Mangled by an ogre

Levels and vault maps discovered:
D:1:      lightli_arrival_quake, layout_loops_ring
D:2:      layout_rooms, first_ration, serial_forest, infiniplex_forest_split,
          infiniplex_forest_clump_long, infiniplex_forest_lined_corner,
          infiniplex_forest_lined_room_3, infiniplex_forest_clump_large,
          chequers_ecumenical_altar_simple_redux,
          grunt_dithmenos_smoke_and_mirrors, uniq_natasha
D:3:      layout_loops_ring, kennysheep_flooded_box, serial_bayou_crossing,
          uniq_crazy_yiuf_cottage
D:4:      layout_loops_ring, lemuel_round_altar, serial_undead, serial_undead_a,
          serial_undead_b, serial_undead_c, serial_undead_d, serial_undead_d,
          serial_undead_c, kennysheep_slug_shrine, uniq_eustachio

Skill      XL: |  1  2  3  4  5  6 |
---------------+-------------------+-----
Armour         | 1 2 3 |  3.4
Fighting       | 3 4 |  4.4
Evocations     | 1 |  1.7
Maces & Flails | 4 |  4.5
Dodging        | 3 |  3.1
Throwing       | |  1.7

Action                   |  1- 3 |  4- 6 || total
-------------------------+-------+-------++-------
Melee: Flail             |   107 |   222 ||   329
 Abil: Evoke Berserk Rag |     1 |     5 ||     6
  Use: Potion            |     1 |       ||     1
       Scroll            |       |     5 ||     5
  Eat: Chunk             |       |    12 ||    12
Armor: Leather armour    |    66 |   124 ||   190
Dodge: Dodged            |    79 |   235 ||   314

Table legend:
 A = Non-vault XP
 B = Vault XP
 C = Vault XP percentage of total XP
 D = Non-vault monster count
 E = Vault monster count
 F = Vault count percentage of total count
                 A         B        C        D         E       F
            +---------+---------+-------+---------+---------+-------
      Total |     453 |     153 |  25.2 |      88 |       5 |   5.4
            +---------+---------+-------+---------+---------+-------
        D:1 |      41 |       0 |   0.0 |      24 |       0 |   0.0
        D:2 |     136 |      37 |  21.4 |      23 |       1 |   4.2
        D:3 |     270 |      42 |  13.5 |      38 |       1 |   2.6
        D:4 |       6 |      74 |  92.5 |       3 |       3 |  50.0
            +---------+---------+-------+---------+---------+-------
